Cogmind - Beta 15 @@@ ROGUE MODE // 2025.05.11 @ 13:26:54 Player: Epsilon 11 Result: Destroyed by 8R-AWN with 8R-AWN's Boregun Performance ------------- Evolutions (0) 0 Regions Visited (3) 600 Robots Destroyed (12) 60 Value Destroyed (281) 281 Prototype IDs (0) 0 Alien Tech Used (0) 0 Bonus (21) 21 TOTAL SCORE: 962 Bonus ------- Follower Combat Kills 21 Cogmind --------- Core Integrity 0/250 Matter 246/300 Energy 81/100 System Corruption 0% Temperature Cool (0) Movement Core (50) Location -10/Exiles Parts ------- > --- POWER (1) -------- (None) > --- PROPULSION (2) --- (None) > --- UTILITY (2) ------ Power Shielding > --- WEAPON (2) ------- Small Laser > --- INVENTORY (5) ---- Light Angular Momentum Engine Rocket Launcher Peak State ------------ > --- POWER ------------ Ion Engine > --- PROPULSION ------- Wheel Wheel > --- UTILITY ---------- Large Storage Unit > --- WEAPON ----------- Small Laser Bore Cannon > --- INVENTORY -------- Light Nuclear Core Fission Core Fission Core Fission Core Small Matter Pod Large Matter Pod High-capacity Matter Pod Core Shielding Power Shielding Small Laser Rocket Launcher Blade Trap Blade Trap Blade Trap Blade Trap [Rating: 13] Favorites ----------- Power Ion Engine Engine Ion Engine Propulsion Wheel Wheel Wheel Utility Structural Scanner Device Structural Scanner Storage Huge Storage Unit Protection Power Shielding Weapon Small Laser Energy Gun Small Laser Ballistic Gun Light Assault Rifle Ballistic Cannon Bore Cannon Launcher Rocket Launcher Slashing Weapon Mining Claw Build | -11 -10 -10 -10 ------- Run | Yrd Mat Min Exi Slots Evolved . | . . . . Power . | . . . . Propulsion . | . . . . Utility . | . . . . Weapon . | . . . . Parts Attached 26 | 6 8 3 9 Power 2 | 1 1 . . Engine 2 | 1 1 . . Core . | . . . . Reactor . | . . . . Propulsion 6 | 2 2 . 2 Treads . | . . . . Leg . | . . . . Wheel 6 | 2 2 . 2 Hover . | . . . . Flight . | . . . . Utility 9 | 1 3 1 4 Device 2 | . 1 1 . Storage 5 | 1 2 . 2 Processor . | . . . . Hackware . | . . . . Protection 2 | . . . 2 Artifact . | . . . . Weapon 9 | 2 2 2 3 Energy Gun 4 | 2 1 1 . Energy Cannon . | . . . . Ballistic Gun 2 | . . 1 1 Ballistic Cannon 1 | . . . 1 Launcher 1 | . . . 1 Special Weapon . | . . . . Impact Weapon . | . . . . Slashing Weapon 1 | . 1 . . Piercing Weapon . | . . . . Special Melee Weapon . | . . . . Unidentified Prototypes . | . . . . Parts Lost 9 | . 1 1 7 Power 1 | . . . 1 Propulsion 2 | . . . 2 Utility 1 | . . . 1 Weapon 5 | . 1 1 3 Highest Loss Streak 7 | . 1 1 7 To Critical Strikes 3 | . . . 3 Average Backups 9 | . 4 16 7 Power 1 | . . 2 2 Propulsion 2 | . 1 4 . Utility 3 | . 1 6 2 Weapon 2 | . . 3 1 Tool/Special . | . . . . Unused Backups 19 | . 1 . 18 Power 7 | . 1 . 6 Propulsion 2 | . . . 2 Utility 9 | . . . 9 Weapon 1 | . . . 1 Tool/Special . | . . . . Average Slot Usage (%) 90 | . 88 99 83 Engine 13 | . 14 14 13 Wheel 27 | . 28 28 27 Device 8 | . 10 14 1 Storage 11 | . 14 14 8 Protection 1 | . . . 2 Energy Gun 16 | . 20 18 12 Ballistic Gun 1 | . . 3 1 Ballistic Cannon 2 | . . . 7 Slashing Weapon 4 | . . 5 6 Peak Build Rating 13 | 6 7 11 13 Average Rating 8 | 4 6 9 9 On Entrance 6 | . 6 7 11 Naked Turns . | . . . . Heaviest Build 208 | 14 89 89 208 Greatest Support 26 | 26 26 20 26 Greatest Overweight (x) 10 | . 4 4 10 Average Overweight (x) 2 | . 2 4 . Largest Inventory Capacity 35 | 8 25 25 35 Average Capacity 18 | 6 21 25 11 Most Carried 25 | . 7 25 25 Average Carried 11 | . 4 18 9 Final Capacity 25 | 8 25 25 5 Final Carried 25 | . 7 25 2 Class Distribution -------------------- 63% | Scavenger-Mutant 35% | Mutant Dominant Class ---------------- Mutant | -10/Materials Scavenger-Mutant | -10/Mines Scavenger-Mutant | -10/Exiles Resources | -11 -10 -10 -10 ----------- Run | Yrd Mat Min Exi Matter Collected 721 | 212 63 182 264 Remotely . | . . . . Salvage Created 493 | . 345 141 7 Parts 29 | . 18 11 . Haulers Intercepted . | . . . . Recyclers Shooed . | . . . . Parts Field Recycled . | . . . . Retrieved Matter . | . . . . Parts Self-Destructed . | . . . . Prevented . | . . . . Kills | -11 -10 -10 -10 ------- Run | Yrd Mat Min Exi Combat Hostiles Destroyed 12 | . 4 4 4 Guns 8 | . 4 4 . Cannons 1 | . . . 1 AOE 3 | . . . 3 Classes Destroyed 7 | . 4 2 1 Builder 1 | . 1 . . Tunneler 1 | . . 1 . Recycler 1 | . 1 . . Watcher 1 | . 1 . . Swarmer 2 | . . 2 . Grunt 6 | . 4 2 . Assembled 4 | . . . 4 Best Kill Streak 6 | . 6 2 4 Combat Bots Only 4 | . 4 2 4 Max Kills in Single Turn 3 | . 1 2 3 Gunslinging . | . . . . Exploded 3 | . . . 3 Melee . | . . . . Uniques/NPCs Destroyed . | . . . . Combat | -11 -10 -10 -10 -------- Run | Yrd Mat Min Exi Hostile Shots Fired 86 | . 26 16 44 Missed 17 | . 6 5 6 Hits 69 | . 20 11 38 Projectile 69 | . 20 11 38 Critical Strikes 17 | . . . 17 Actively Blocked 10 | . . . 10 Damage Taken 1020 | . 223 141 656 Core 270 | . 10 37 223 Absorbed by Shields . | . . . . Redirected to Shielding 57 | . . . 57 Regen/Repaired (Parts) 40 | . 40 . . Core Remaining (%) 100 | 100 . . . Volleys Fired 51 | . 19 13 19 Largest 2 | . 2 2 2 Hottest 80 | . 80 80 80 Shots Fired 86 | . 32 19 35 Gun 74 | . 32 19 23 Cannon 11 | . . . 11 Launcher 1 | . . . 1 Special . | . . . . Kinetic 26 | . . . 26 Thermal 21 | . . 13 8 Explosive 1 | . . . 1 Electromagnetic 38 | . 32 6 . Robot Hit Streak 9 | . 7 6 9 Robot Miss Streak 4 | . 4 1 2 Penetration Max . | . . . . Secondary Targets 2 | . 2 . . Max Gunslinging Chain 1 | . 1 . . Shots Hit Robots 55 | . 21 13 21 Core Hits 29 | . 11 8 10 Critical Kills 1 | . . . 1 Critical Parts Destroyed 1 | . . . 1 Critical Strikes 6 | . 2 . 4 Destroy 4 | . . . 4 Corrupt 2 | . 2 . . Melee Attacks 4 | . 2 2 . Impact . | . . . . Slashing 4 | . 2 2 . Piercing . | . . . . Sneak Attacks . | . . . . Combat Hostiles . | . . . . Follow-up Attacks . | . . . . Damage Inflicted 862 | . 341 173 348 Guns 589 | . 341 173 75 Cannons 135 | . . . 135 Explosions 138 | . . . 138 Melee . | . . . . Ramming . | . . . . Kinetic 204 | . . . 204 Thermal 118 | . . 112 6 Explosive 138 | . . . 138 Electromagnetic 402 | . 341 61 . Impact . | . . . . Slashing . | . . . . Piercing . | . . . . Highest Corruption . | . . . . Average Corruption . | . . . . Corruption Purged . | . . . . Corruption Blocked . | . . . . Overload Shots . | . . . . Overflow Damage . | . . . . Projectiles . | . . . . Explosions . | . . . . Melee . | . . . . Knockbacks 3 | . . . 3 Impact . | . . . . Kinetic 3 | . . . 3 Secondary . | . . . . Self-Inflicted Damage . | . . . . Shots . | . . . . Rammed . | . . . . Targets Rammed . | . . . . Kicked . | . . . . Crushed . | . . . . Highest Temperature 300 | . 300 18 104 Average Temperature 100 | . 158 7 41 Received Heat Transfer 189 | . 126 63 . Effects 2 | . 2 . . Energy Bleed 1 | . 1 . . Matter Decay 1 | . 1 . . Siege Activations . | . . . . Martial Activations . | . . . . Shielding Activations . | . . . . Robots Disrupted . | . . . . Combat Hostiles . | . . . . Robots Corrupted . | . . . . Combat Hostiles . | . . . . Parts Fried 1 | . 1 . . Impact Corruptions . | . . . . Robots Melted . | . . . . Combat Hostiles . | . . . . Parts Melted . | . . . . Heat Transferred 286 | . . 250 36 Parts Sabotaged . | . . . . Parts Stolen . | . . . . Parts Stripped . | . . . . Power Chain Reactions . | . . . . Alert | -11 -10 -10 -10 ------- Run | Yrd Mat Min Exi Maximum Alert Level . | . . . . Low Security (%) 100 | 100 100 100 . Level 1 . | . . . . Level 2 . | . . . . Level 3 . | . . . . Level 4 . | . . . . Level 5 . | . . . . High Security . | . . . . Max Security . | . . . . Peak Influence 104 | . 85 104 . Initial . | . . . . Average 16 | . 15 18 . Influence Increases 351 | . 140 211 . Destroy 0b10 Robot/C 220 | . 80 140 . Destroy 0b10 Robot/NC 20 | . 15 5 . Destroy Leader 42 | . 12 30 . Allied During Kill 4 | . . 4 . Successful Hack 17 | . 17 . . Disable Machine 15 | . 15 . . Destroy Structure 3 | . 1 2 . Lose Combat Pursuer 30 | . . 30 . Influence Decreases 351 | . 140 211 . Time Decay 341 | . 130 211 . Lost Part 10 | . 10 . . Squads Dispatched 1 | . 1 . . Investigation 1 | . 1 . . Extermination . | . . . . Reinforcement . | . . . . Assault . | . . . . Garrison . | . . . . Intercept . | . . . . Searches Triggered . | . . . . Construction Impeded . | . . . . Haulers Reinforced . | . . . . Active Scanning Responses . | . . . . Cargo Convoy Interrupts . | . . . . Stealth | -11 -10 -10 -10 --------- Run | Yrd Mat Min Exi Distress Signals 1 | . 1 . . Communications Jammed . | . . . . Distress Signals . | . . . . Times Spotted 26 | . 15 8 3 Peak Tracking Total 9 | . 5 3 9 Tactical Retreats 1 | . . 1 . Traps | -11 -10 -10 -10 ------- Run | Yrd Mat Min Exi Traps Triggered 1 | . 1 . . Indirectly . | . . . . Trap Hack Attempts . | . . . . Triggered . | . . . . Disarmed . | . . . . Reprogrammed . | . . . . Reused 4 | . . . 4 Traps Extracted . | . . . . Installed 4 | . . . 4 Triggered . | . . . . Most Traps Carried 4 | . . 4 4 Machines | -11 -10 -10 -10 ---------- Run | Yrd Mat Min Exi Machines Disabled 4 | . 1 . 3 Max in Single Turn 1 | . 1 . 1 Machines Repaired . | . . . . Machines Dismantled . | . . . . Machines Sabotaged . | . . . . Overloaded Fab Kills . | . . . . Hacking | -11 -10 -10 -10 --------- Run | Yrd Mat Min Exi Machines Accessed 6 | . 5 . 1 Terminals 4 | . 4 . . Fabricators . | . . . . Repair Stations 1 | . 1 . . Recycling Units . | . . . . Scanalyzers . | . . . . Garrison Access . | . . . . Total Hacks 36 | . 13 . 23 Successful 30 | . 7 . 23 Failed 6 | . 6 . . Catastrophic . | . . . . Database Lockouts . | . . . . Manual 11 | . 11 . . Terminals 11 | . 11 . . Fabricators . | . . . . Repair Stations 2 | . 2 . . Recycling Units . | . . . . Scanalyzers . | . . . . Garrison Access . | . . . . Terminal Hacks 23 | . . . 23 Record 23 | . . . 23 Fabricator Hacks . | . . . . Repair Station Hacks 2 | . 2 . . Scan Component 1 | . 1 . . Repair 1 | . 1 . . Recycling Unit Hacks . | . . . . Scanalyzer . | . . . . Garrison Access Hacks . | . . . . Unauthorized Hacks 5 | . 5 . . Terminals 5 | . 5 . . Botnet 2 | . 2 . . Operators 1 | . 1 . . Skim 2 | . 2 . . Fabricators . | . . . . Repair Stations . | . . . . Recycling Units . | . . . . Scanalyzers . | . . . . Garrison Access . | . . . . Data Cores Recovered . | . . . . Used . | . . . . Hacking Detections 4 | . 4 . . Full Trace Events . | . . . . Feedback Events . | . . . . Feedback Blocked . | . . . . Robot Schematics Acquired . | . . . . Robots Built . | . . . . Authchips . | . . . . Time . | . . . . Total Robot Build Rating . | . . . . Part Schematics Acquired . | . . . . Parts Built . | . . . . Authchips . | . . . . Time . | . . . . Total Part Build Rating . | . . . . Parts Repaired 1 | . 1 . . Time 26 | . 26 . . Parts Recycled . | . . . . Recycled Matter . | . . . . Retrieved Matter . | . . . . Retrieved Components . | . . . . Parts Scanalyzed . | . . . . Part Schematics Acquired . | . . . . Parts Damaged . | . . . . Bothacking | -11 -10 -10 -10 ------------ Run | Yrd Mat Min Exi Used RIF Installer . | . . . . Robots Hacked . | . . . . Non-combat . | . . . . Combat . | . . . . Robot Hacks Applied . | . . . . Relay Couplers Released . | . . . . Fabnet Peak Effective % . | . . . . Robots Rewired . | . . . . Allies Hacked . | . . . . Hacks Repelled . | . . . . Allies | -11 -10 -10 -10 -------- Run | Yrd Mat Min Exi Total Allies 1 | . . 1 . Largest Group 1 | . . 1 . Highest-Rated Group 31 | . . 31 . Highest-Rated Ally 31 | . . 31 . Total Orders . | . . . . Ally Attacks 6 | . . 6 . Total Damage 106 | . . 106 . Kills 3 | . . 3 . Allies Corrupted . | . . . . Allies Melted . | . . . . Intel | -11 -10 -10 -10 ------- Run | Yrd Mat Min Exi Active Infowar (turns) 1565 | . 520 931 114 Structural 1565 | . 520 931 114 Robot Analysis Total . | . . . . Derelict Logs Recovered 1 | . . 1 . Drone Launches . | . . . . Drone Recoveries . | . . . . Exploration | -11 -10 -10 -10 ------------- Run | Yrd Mat Min Exi Turns Passed 2838 | 44 690 979 1125 Spaces Moved 2229 | 40 497 638 1054 Core 2 | 1 . . 1 Treads . | . . . . Legs . | . . . . Wheels 2227 | 39 497 638 1053 Hover . | . . . . Flight . | . . . . Fastest Speed 50 | 50 90 140 80 Average Speed 112 | 87 123 140 91 Slowest Speed 230 | 90 140 140 230 Overloaded Moves . | . . . . Propulsion Burnouts . | . . . . Robots Hopped . | . . . . Potential Cave-ins . | . . . . Cave-ins Triggered . | . . . . Exploration Rate (%) 66 | 3 77 95 90 Regions Visited 3 Branch Regions 2 Pre-discovered Areas 1 | . . . 1 Known Exits Taken . | . . . . Unknown Exits Taken 3 | 1 1 1 . Scrap Searched 2 | . . 2 . Spaces Dug 3 | . 1 2 . Terrain Destroyed 11 | . 1 2 8 Melee 3 | . 1 2 . Projectile 1 | . . . 1 AOE 7 | . . . 7 Terrain Rammed . | . . . . Walls Destroyed . | . . . . Machines Disabled . | . . . . Actions | -11 -10 -10 -10 --------- Run | Yrd Mat Min Exi Total 2471 | 45 533 700 1193 Wait 60 | . 1 18 41 Move 2226 | 39 496 637 1054 Hop . | . . . . Pick Up 52 | . 3 21 28 Fast Attach 18 | 6 4 1 7 Attach 4 | . . . 4 Detach 1 | . 1 . . Swap 13 | . 6 5 2 Drop 38 | . 1 3 34 Fire 51 | . 19 13 19 Melee 4 | . 2 2 . Ram . | . . . . Kick . | . . . . Crush . | . . . . Escape Stasis . | . . . . Rewire . | . . . . Trap 4 | . . . 4 Miscellaneous . | . . . . Route ------- -11/Scrapyard -10/Materials (discovered 3 exits: [*Mat x2] / [*Min]) -10/Mines (discovered 3 exits: [*Mat x2] / *Exi) -10/Exiles (discovered 2 exits: [*Min x2]) History --------- Turn | Location | Event 27 | -11/Scrapyard | Discovered new exit (range 12) 45 | -11/Scrapyard | Entered Materials 211 | -10/Materials | Discovered new exit (range 10) 330 | -10/Materials | Build established: Mutant 394 | -10/Materials | Discovered new exit (range 10) 568 | -10/Materials | Discovered new exit (range 14) 716 | -10/Materials | Repaired EM Pulse Gun 735 | -10/Materials | Entered Mines 736 | -10/Mines | Assembled infested the area 741 | -10/Mines | Assisted by a Guerilla fighting off Assembled 762 | -10/Mines | Received a Rocket Launcher from a helpful Derelict 805 | -10/Mines | Met a Derelict bent on vengeance 905 | -10/Mines | Discovered new exit (range 8) 1061 | -10/Mines | Found a hidden stash of uninstalled traps 1201 | -10/Mines | Received a Mining Laser from a helpful Derelict 1290 | -10/Mines | Build established: Scavenger-Mutant 1295 | -10/Mines | Discovered new exit (range 7) 1344 | -10/Mines | Deemed a non-threat by the Exiles lab entrance 1344 | -10/Mines | Discovered new exit (range 5) 1714 | -10/Mines | Entered Exiles 1733 | -10/Exiles | Discovered new exit (range 15) 1747 | -10/Exiles | Met 8R-AWN 1770 | -10/Exiles | Met EX-HEX 1885 | -10/Exiles | Met EX-DEC 1904 | -10/Exiles | Visited The Gauntlet 2008 | -10/Exiles | Learned location of Zion (-7) 2026 | -10/Exiles | Met EX-BIN 2145 | -10/Exiles | Discovered new exit (range 14) 2707 | -10/Exiles | Attacked by the Exiles 2808 | -10/Exiles | Core integrity fell below 50% 2831 | -10/Exiles | Core integrity fell below 20% 2839 | -10/Exiles | Destroyed by 8R-AWN with 8R-AWN's Boregun Last Messages --------------- 02821_ HV Slug penetrates Earth. 02823_ Penetrated by HV Slug. 02823_ HV Slug penetrates Earth. 02823_ Penetrated by HV Slug. 02823_ HV Slug penetrates Earth. 02825_ HV Slug penetrates Wall. 02825_ Penetrated by HV Slug. 02825_ HV Slug penetrates Earth. 02827_ Penetrated by HV Slug. 02827_ HV Slug penetrates Earth. 02827_ Penetrated by HV Slug. 02832_ Critical hit (Destroy). 02832_ Lgt. Assault Rifle destroyed. 02834_ Penetrated by HV Slug. 02834_ Core Shielding destroyed. 02836_ HV Slug penetrates Wall. 02836_ Penetrated by HV Slug. 02836_ Critical hit (Destroy). 02836_ Sml. Laser destroyed. 02839_ Penetrated by HV Slug. Map ----- +----------------------------------------------------+ | ?????????????????????????????????????????????????? | | ?????????????????????????????????????????????????? | | ?????????????????????????????????????????????????? | | ?????????????????????????????????????????????????? | | ????????####?????????????????????????????????????? | | ???????## ##???????????????????????????????????? | | ???????# #???????????????????????????????????? | | ???????# < #???????????????????????????????????? | | ???????# ###?????????????????????????????????? | | ???????# #?????????????????????????????????? | | ???????# ##?????????????????????????????????? | | ???????## #??????????????????????????????????? | | ????????# ##?????????????????????????????????? | | ????????## #????????????#######??????????????? | | ?????????# #######??????# "#??????????????? | | ?????????# #""##?????# "#??????????????? | | ?????????## #?????# "#??????????????? | | ??????????##" ###??## ""#???????????#### | | ??????????#"" #;###" ""#??????????? " | | ??????????#### ## ""#??????????#"" " | | ?????????????## # " ###??????????#"" | | ??????????????#"## % #????????????#"" | | ??????????????####### g ##???????????#"" | | ????????????????????### % "#???????????# | | ??????????????########" % # #?????????#"" | | ??????????????# ! """""=*@ #???????# | | ??????????????#! ! = ! ###"" # ###???### | | ??????????????#! =*!! #?##" """#####X# | | ??????????????#! =!!!;#??#" * | | ??????????????# !""""""##;#??#"# * | | ??????????????########### #??#### | | ????????????????????????# #?????### * | | ????????????????????????# #???????### | | ????????????????????????# #?????????## | | ????????????????????????# #??????????## | | ????????????????????????# #???????????##" | | ????????????????????????? ?????????????#""" | | ????????????????????????? ????????????##" | | ????????????????????????? ????????????#"" | | ????????????????????????? ????????????#""" | | ????????????????????????? ???????????#""" | | ?????????????????????????????????????#""" | | ?????????????????????????????????????#"" | | ?????????????????????????????????????#""" | | ?????????????????????????????????????#"" | | ?????????????????????????????????????##"" | | ??????????????????????????????????????#"""" | | ???????????????????????????????????????# | | ???????????????????????????????????????#" | | ???????????????????????????????????????#"""" | +----------------------------------------------------+ Best States ------------- Heat Dissipation 39 Energy Generation 10 Energy Capacity 250 Matter Stores 300 Matter Capacity 300 Sight Range 16 Terrain Scan Density 10 Core Shielding 20 Power Shielding 33 Evasion (%) 44 Item Schematics ----------------- None Robot Schematics ------------------ None Fabricated ------------ Nothing Repaired ---------- EM Pulse Gun | 11% | -10/Materials Alien Tech Used ----------------- None Achievements -------------- None Challenges ------------ None Game ------ Seed ReflectiveComponentReplica Manual? 0 Play Time 00:33:58 Cumulative 218.0 hours Start 2025.05.11 @ 12:47:43 End 2025.05.11 @ 13:26:54 Sessions 1 Manual Loads 0 Difficulty Rogue Special Mode None Game No. 98 Rogue 55 Adventurer 43 Explorer 0 Win Type - Total 6 Types 4/0/1/0/0/0/0/1/0/0 Lore% 67 Gallery% 65 Achievement% 61 Wizard Run 0 Options --------- Layout 0 ASCII 0 Keyboard 0 Movement Mouse Keybinds 0 Fullscreen 1 Font 24/Smallcaps Map View 76x50 Zoom Use 0% Tactical HUD 1 Map Filters NONE Filters NONE Steam 1 RUN: 5a3dc880-3406-4984-8d10-7a99ec1bfaca